 Dungeon Crawl Stone Soup version 0.24.0-1-gfbc8707 (webtiles) character file.

Game seed: 6863375873059889309, levelgen mode: deterministic

51 Darkdiver the Firebug (level 3, -1/19 HPs)
             Began as a Deep Elf Fire Elementalist on Oct 29, 2019.
             Shot with a stone by a goblin (5 damage)
             ... on level 2 of the Dungeon.
             The game lasted 00:02:43 (1844 turns).

Darkdiver the Firebug (Deep Elf Fire Elementalist)  Turns: 1844, Time: 00:02:43

Health: -1/19      AC:  2    Str:  3 (5)  XL:     3   Next: 57%
Magic:  8/10       EV: 13    Int: 18 (20) God:
Gold:   77         SH:  0    Dex: 13 (15) Spells: 6/10 levels left

rFire    . . .     SeeInvis .   (no weapon)
rCold    + . .     Gourm    .   (no shield)
rNeg     . . .     Faith    .   a - +0 robe
rPois    .         Spirit   .   g - +0 hat {MR+}
rElec    .         Reflect  .   (no cloak)
rCorr    .         Harm     .   (no gloves)
MR       +....                  (no boots)
Stlth    ++........             (no amulet)
HPRegen  0.06/turn              h - ring of protection from cold
MPRegen  0.12/turn              (no ring)

@: no status effects
A: no striking features
a: no special abilities


You were on level 2 of the Dungeon.
You were not hungry.

You visited 1 branch of the dungeon, and saw 2 of its levels.

You collected 77 gold pieces.

Inventory:

Armour
 a - a +0 robe (worn)
 g - a +0 hat of magic resistance (worn)
Jewellery
 h - a ring of protection from cold (left hand)
Scrolls
 f - a scroll of fog
 i - a scroll of blinking {unknown}
 j - a scroll of immolation {unknown}
Potions
 b - a potion of invisibility
 d - a potion of curing {unknown}
 e - a potion of heal wounds {unknown}
Comestibles
 c - a ration


   Skills:
 - Level 2.4 Dodging
 - Level 2.4 Stealth
 + Level 4.0 Spellcasting
 + Level 2.3 Conjurations
 + Level 4.0 Fire Magic


You had 6 spell levels left.
You knew the following spells:

 Your Spells              Type           Power        Failure   Level  Hunger
a - Flame Tongue          Conj/Fire      ###..        4%          1    None
b - Conjure Flame         Conj/Fire      ###.....     12%         3    ###....

Your spell library contained the following spells:

 Spells                   Type           Power        Failure   Level  Hunger
 Throw Flame              Conj/Fire      ###...       6%          2    ##.....
 Inner Flame              Hex/Fire       ##......     19%         3    ###....
 Sticky Flame             Conj/Fire      ###.....     36%         4    ####...
 Fireball                 Conj/Fire      ###.......   73%         5    ######.


Dungeon Overview and Level Annotations

Branches:
Dungeon (2/15)

Altars:
Hepliaklqana


Message History

Confirm with . or Enter, or press ? or * to list all spells.
You can't see any susceptible monsters within range! (Use Z to cast anyway.) Unknown command.
The goblin shoots a stone.
The stone barely misses you.
Casting: Flame Tongue (safe; 4% risk of failure)
Confirm with . or Enter, or press ? or * to list all spells.
Aiming: Flame Tongue (safe; 4% risk of failure)
Press: ? - help, Shift-Dir - straight line, f - goblin
Aim: a goblin, wielding a +0 hunting sling and wearing a +0 scale mail The flame tongue misses the goblin.
The goblin shoots a stone.
The stone hits you.
* * * LOW HITPOINT WARNING * * *
Casting: Flame Tongue (safe; 4% risk of failure)
Confirm with . or Enter, or press ? or * to list all spells.
Aiming: Flame Tongue (safe; 4% risk of failure)
Press: ? - help, Shift-Dir - straight line, f/p - goblin
Aim: a goblin, wielding a +0 hunting sling and wearing a +0 scale mail The flame tongue misses the goblin.
The goblin shoots a stone.
The stone hits you.
You die...

#.# #.#.......#.# #.#
#.#(.####.#.# ####.########.#..#
#.#.######### ...........†.....#
#.#.#.......# ...#.########.#..#
#.#.#.#####.#
...#.########.#.g####.#.#.# #.#
...#........#.#...#...#.#.#####.#
.......................<.........
...########.....@...####..#.#####
...# #...##(.........#.# ...#
#...##.#######.##.#
...########.).##..######.##.#
##......†.....##(.##........#
######....#.. #..##........#
#....# #..##........# #....#
#...#..).....#
#####....#####.#.#........#


You could see a goblin.

Vanquished Creatures
  An adder (D:2)
  3 worms (D:2)
  2 dart slugs (D:1)
  A leopard gecko (D:1)
  6 hobgoblins
  A quokka (D:2)
  A bat (D:1)
  2 frilled lizards (D:2)
  4 goblins
  4 kobolds (D:1)
  5 rats
30 creatures vanquished.

Notes
Turn   | Place    | Note
-------+----------+-------------------------------------------
     0 | D:1      | Darkdiver the Deep Elf Fire Elementalist began the quest
                  | for the Orb.
     0 | D:1      | Reached XP level 1. HP: 10/10 MP: 6/6
   348 | D:1      | Reached XP level 2. HP: 15/15 MP: 5/8
   953 | D:2      | Found a hazy altar of Hepliaklqana.
  1053 | D:2      | Reached XP level 3. HP: 10/19 MP: 2/10
  1544 | D:2      | Learned a level 3 spell: Conjure Flame
  1844 | D:2      | Shot with a stone by a goblin

Levels and vault maps discovered:
D:1:      zelgadis_glass_arrival_small, layout_loops_ring
D:2:      layout_basic, good_gods_temple_1, lemuel_crystal_altar

Skill      XL: |  1  2  3 |
---------------+----------+-----
Conjurations   | 2 |  2.3
Spellcasting   | 4 |  4.0
Fire Magic     | 4 |  4.0
Dodging        | |  2.4
Stealth        | |  2.4

Action                   || total
-------------------------++-------
Melee: Unarmed           ||     2
 Cast: Flame Tongue      ||    60
       Conjure Flame     ||     1
  Use: Scroll            ||     3
       Potion            ||     1
  Eat: Chunk             ||     3
Armor: Robe              ||     2
Dodge: Dodged            ||    11
